Map: Automaton LE

Players

Mesrob - Winner!

  • Race: Terran Terran
  • League: Gold
  • Spawn Location: 9:00

DayLight

  • Race: Zerg Zerg
  • League: Gold
  • Spawn Location: 3:00

VOD

Have the link to the VOD?

Description

Time

  • Played on: Jan. 11, 2019, 1:16 p.m.
  • Length: 20:10
Show
View Real Time Build Order
Export as new Build Order

Mesrob Terran - Winner!

Build Orders: Mech 

Get SALT Encoding   

  12  0:02  SCV  
  13  0:14  SCV  
  14  0:23  Supply Depot  
  14  0:26  SCV  
  15  0:44  SCV  
  15  0:45  Barracks  
  16  0:54  Refinery  
  16  0:56  SCV  
  17  1:09  SCV  
  18  1:21  SCV  
  19  1:38  Orbital Command, Command Center  
  19  1:42  Marine  
  20  1:56  Bunker  
  20  2:08  Barracks Tech Lab  
  20  2:15  Factory  
  20  2:28  Supply Depot  
  19  2:51  Supply Depot, Orbital Command  
  19  2:53  SCV  
  20  3:03  Refinery  
  20  3:05  SCV  
  20  3:10  Marine  
  22  3:14  Supply Depot  
  22  3:16  SCV  
  24  3:20  SCV  
  24  3:25  Siege Tank  
  27  3:28  SCV  
  28  3:39  SCV  
  29  3:41  SCV  
  29  3:52  SCV  
  30  4:09  SCV  
  31  4:10  Refinery, SCV  
  32  4:20  Siege Tank  
  32  4:21  SCV  
  36  4:26  Armory  
  36  4:32  Engineering Bay  
  36  4:36  Marine  
  37  4:40  SCV x2  
  39  4:52  Refinery, Siege Tank, SCV x2  
  44  5:00  Factory  
  44  5:04  SCV  
  45  5:07  Supply Depot  
  45  5:13  SCV  
  46  5:22  Marine  
  46  5:24  Thor  
  53  5:30  Supply Depot  
  53  5:43  Missile Turret  
  53  5:50  Missile Turret  
  53  5:54  Supply Depot, SCV  
  53  5:55  SCV  
  55  6:02  Factory Reactor  
  55  6:04  Missile Turret  
  55  6:06  SCV  
  55  6:07  SCV  
  55  6:08  Factory  
  57  6:12  Terran Vehicle Weapons Level 1  
  57  6:16  Armory  
  57  6:17  Supply Depot  
  58  6:18  SCV  
  58  6:25  Thor  
  58  6:29  Missile Turret  
  64  6:35  SCV  
  64  6:36  SCV  
  66  6:40  Supply Depot  
  66  6:41  Hellbat x2  
  70  6:48  SCV x2  
  70  6:50  Missile Turret  
  72  6:56  Sensor Tower  
  72  7:02  Supply Depot  
  72  7:06  Command Center  
  72  7:10  Missile Turret, Thor  
  72  7:11  Factory Tech Lab  
  72  7:13  Hellbat x2  
  82  7:24  Sensor Tower  
  82  7:27  Supply Depot  
  79  7:47  Hellbat x2  
  79  7:50  Supply Depot  
  83  7:53  Thor  
  83  7:57  Missile Turret  
  89  8:03  Missile Turret  
  89  8:09  Thor  
  95  8:12  Supply Depot  
  95  8:23  Sensor Tower, Missile Turret  
  95  8:49  Thor  
  95  8:51  Hellbat x2  
  95  8:54  Terran Vehicle And Ship Armor Level 1, Terran Vehicle Weapons Level 2  
  105  9:06  Supply Depot  
  105  9:16  Starport  
  105  9:36  SCV  
  105  9:37  SCV  
  107  9:43  Thor  
  113  9:48  SCV  
  113  9:50  Thor  
  124  9:52  Starport, Hellbat  
  124  9:53  Hellbat  
  124  9:57  SCV  
  125  10:00  SCV  
  126  10:09  SCV  
  126  10:13  Command Center  
  127  10:26  Thor  
  133  10:29  Starport  
  133  10:32  Refinery  
  133  10:37  Fusion Core  
  133  10:43  Planetary Fortress  
  133  10:48  Refinery  
  133  10:53  SCV x2  
  135  11:05  SCV  
  136  11:11  Thor  
  136  11:14  Thor  
  136  11:15  Hellbat  
  136  11:16  Hellbat  
  152  11:24  Supply Depot  
  152  11:26  Terran Vehicle And Ship Armor Level 2  
  152  11:40  SCV  
  152  11:41  SCV x2  
  152  11:45  Starport Tech Lab x3  
  152  11:46  Supply Depot  
  155  11:52  Starport  
  155  11:53  SCV  
  156  12:04  Thor  
  162  12:10  Supply Depot  
  162  12:30  Starport  
  162  12:42  Sensor Tower  
  162  12:51  SCV x3  
  163  12:55  Planetary Fortress  
  165  13:03  Missile Turret  
  165  13:09  Starport  
  136  13:22  Missile Turret  
  129  13:38  Command Center  
  129  13:42  Missile Turret  
  129  13:47  Refinery  
  129  13:53  Starport Tech Lab  
  129  13:54  Starport Tech Lab x2  
  129  13:56  Battlecruiser x3  
  147  14:03  Missile Turret  
  147  14:07  Refinery  
  147  14:15  Refinery, Battlecruiser  
  153  14:22  Missile Turret  
  153  14:25  Thor  
  153  14:27  Hellbat x2  
  162  14:40  Terran Vehicle Weapons Level 3  
  162  14:41  Missile Turret  
  162  14:42  Terran Ship Weapons Level 1, Refinery  
  162  15:04  SCV x3  
  165  15:18  Sensor Tower  
  165  15:41  Sensor Tower  
  158  16:12  Sensor Tower  
  138  16:21  Battlecruiser x3  
  156  16:34  Sensor Tower  
  156  16:39  Supply Depot  
  164  17:01  Hellbat, Supply Depot, Battlecruiser  
  164  17:23  Hellbat x4  
  164  17:24  Supply Depot  
  172  17:41  Supply Depot  
  172  17:45  Hellbat x3  
  172  17:47  Supply Depot  
  172  17:49  Battlecruiser  
  184  17:52  Hellbat  
  184  17:55  Battlecruiser  
  172  18:04  Supply Depot  
  146  18:07  Hellbat x3  
  146  18:10  Supply Depot  
  146  18:29  Thor x2  
  146  18:30  Hellbat x2  
  146  18:33  Supply Depot  
  156  18:49  Command Center  
  156  18:51  Hellbat  
Show
View Real Time Build Order
Export as new Build Order

DayLight Zerg 

Build Orders: Hatch First 

Get SALT Encoding   

  12  0:01  Drone  
  13  0:13  Overlord  
  13  0:18  Drone  
  14  0:32  Drone x2  
  16  0:53  Drone  
  17  0:57  Hatchery  
  16  1:08  Spawning Pool  
  15  1:11  Drone  
  15  1:16  Extractor  
  15  1:17  Drone  
  16  1:21  Drone  
  17  1:26  Drone  
  18  1:45  Drone  
  18  1:47  Overlord  
  19  1:55  Zergling x2  
  19  1:57  Queen  
  22  2:09  Queen  
  22  2:12  Zergling x2  
  22  2:13  Drone  
  26  2:17  Drone  
  27  2:31  Drone x3  
  27  2:35  Metabolic Boost  
  30  2:38  Drone  
  31  2:52  Drone x2  
  31  2:55  Drone  
  31  2:56  Queen  
  36  3:00  Pneumatized Carapace  
  36  3:02  Overlord  
  36  3:24  Overlord  
  36  3:27  Drone x3  
  36  3:28  Drone x4  
  43  3:51  Overlord  
  43  3:52  Drone  
  43  4:07  Overlord  
  43  4:12  Extractor  
  43  4:16  Roach Warren  
  41  4:20  Drone x2  
  41  4:21  Drone x3  
  46  4:29  Extractor  
  45  4:37  Drone x3  
  45  4:38  Drone x2  
  50  4:39  Drone x2  
  50  4:42  Extractor  
  51  4:51  Overlord  
  51  4:57  Lair  
  51  5:00  Roach x4  
  59  5:08  Drone  
  59  5:13  Overlord  
  60  5:14  Roach x3  
  66  5:30  Roach  
  66  5:31  Roach x4  
  66  5:32  Evolution Chamber  
  75  5:40  Overlord  
  75  5:41  Overlord  
  75  5:56  Hatchery, Hydralisk Den  
  73  5:58  Zerg Missile Weapons Level 1  
  73  6:00  Roach x2  
  73  6:01  Roach x5  
  87  6:09  Glial Reconstitution  
  87  6:20  Overseer  
  87  6:35  Ravager x3  
  87  6:36  Ravager x2  
  92  6:40  Overlord x5  
  92  6:50  Evolution Chamber  
  91  7:01  Roach x3  
  97  7:03  Hydralisk x2  
  97  7:04  Hydralisk x4  
  109  7:08  Muscular Augments  
  109  7:14  Drone x5  
  109  7:15  Queen x2  
  105  8:01  Drone x5, Overlord  
  105  8:02  Overlord x4  
  110  8:13  Hydralisk x2  
  110  8:14  Hydralisk x7  
  128  8:20  Lurker Den  
  128  8:22  Infestation Pit  
  128  8:26  Drone x3  
  129  8:29  Drone x4  
  133  8:43  Hydralisk x6  
  133  8:44  Hydralisk  
  147  8:57  Zerg Missile Weapons Level 2  
  147  9:04  Extractor  
  147  9:06  Extractor  
  145  9:14  Hatchery  
  144  9:30  Hydralisk x7  
  156  9:50  Hive  
  156  9:54  Overseer x3  
  156  10:02  Hydralisk x3  
  162  10:07  Hatchery  
  161  10:21  Grooved Spines  
  161  10:27  Zerg Ground Armor Level 1  
  161  10:28  Tunneling Claws  
  161  10:30  Burrow  
  161  10:33  Drone x3  
  161  10:34  Hydralisk x2  
  168  10:50  Hydralisk x2  
  168  10:51  Hydralisk x2  
  176  11:02  Adaptive Talons  
  176  11:09  Ultralisk Cavern  
  175  11:17  Overlord x2  
  175  11:18  Overlord x4  
  175  11:21  Drone  
  175  11:22  Drone x6  
  182  11:57  Ultralisk x3  
  200  12:24  Anabolic Synthesis  
  154  13:26  Hydralisk  
  125  13:27  Hydralisk x25  
  125  13:28  Hydralisk x4  
  183  13:38  Extractor  
  183  13:40  Extractor  
  181  13:44  Chitinous Plating  
  187  13:48  Ultralisk  
  187  14:04  Drone x2  
  187  14:05  Drone  
  187  14:06  Hydralisk x5  
  200  15:13  Spire  
  145  16:20  Hydralisk  
  145  16:21  Hydralisk x17  
  145  16:22  Hydralisk x15  
  139  16:31  Zerg Missile Weapons Level 3  
  139  16:32  Zerg Ground Armor Level 2  
  137  16:34  Hydralisk  
  137  16:35  Hydralisk x16  
  171  16:48  Hydralisk x2  
  171  16:49  Hydralisk x3  
  181  17:00  Greater Spire  
  181  17:08  Ultralisk  
  187  17:28  Hatchery  
  186  17:32  Hydralisk  
  186  17:33  Hydralisk x6  
  200  17:39  Hatchery  
  173  18:02  Hydralisk x5  
  173  18:03  Hydralisk x9  
  111  18:22  Hydralisk  
  111  18:23  Hydralisk x7  
  86  18:43  Hydralisk x3  
  60  19:04  Hydralisk x6  
  60  19:06  Zergling x2  
  60  19:07  Zergling x26  
  60  19:08  Zergling x4  
  71  19:20  Queen  
  71  19:22  Drone, Hydralisk  
  71  19:23  Hydralisk  
  56  19:42  Zergling x6, Hydralisk  
  56  19:43  Hydralisk  
  56  19:44  Hydralisk  
  60  19:51  Zergling x10  
  60  19:52  Zergling x6  
Tags
 
Composition
Mech
League
GoldGold
Matchup
TvZ
Replay Pack
sc2 replays
Spawn Locations
Cross Positions
Add a new tag
Caveats
  • Supply blocks, unpowered buildings, or Contaminate may cause inaccurate times.
  • Supply counts are checked every 10 seconds.